Avalanche vs Blues

Created - 4 octobre 2020 at 21:07

Simulating a Pre-Season

Goals
1 2 3 T
Avalanche 0 2 0 2
Blues 3 0 0 3
Shots
1 2 3 T
Avalanche 7 11 4 22
Blues 16 9 11 36

1st period

1. Blues , Johnny Gaudreau 1 (Sean Couturier 1, Dougie Hamilton 2) at 7:12
2. Blues , Sean Couturier 1 (Jack Eichel 2, P.K. Subban 1) at 15:43
3. Blues , Mikko Rantanen 2 (Anthony Mantha 1, Jack Eichel 3) at 18:19

Penalties :
Dustin Brown (STL) for Slashing (Minor) at 14:51, Ryan Strome (COL) for Holding (Minor) at 14:51, Jake McCabe (COL) for Elbowing (Minor) at 18:33

2nd period

4. Avalanche , Ryan Dzingel 3 (Dylan Strome 2) at 6:12
5. Avalanche , Tobias Rieder 2 (Ryan Strome 1, Brad Richardson 1) at 14:57

Penalties :
Henri Jokiharju (COL) for Roughing (Minor) at 1:06

3rd period

No Goal

Penalties :
No Penalty

Goalie Stats

Frederik Andersen (COL), 33 saves from 36 shots - (0,917), L, 0-2-0, 59:25 minutes
Carter Hart (STL), 20 saves from 22 shots - (0,909), W, 1-1-0, 60:00 minutes

Players Stats for Avalanche

Player Name              G  A  P  +/- PIM S  H  SB GA TA FO     MP     PP MP  PK MP  
------------------------------------------------------------------------------------
Adam Fox                 0  0  0  -2  0   0  1  1  0  0  0/0    21:42   0:00   1:25 
Brad Richardson          0  1  1   1  0   1  0  0  0  0  3/6     8:06   0:00   1:19 
Casey Cizikas            0  0  0  -2  0   1  5  1  0  0  15/25  21:52   0:00   2:33 
Chris Tanev              0  0  0   0  0   0  4  0  0  0  0/0    19:39   0:00   2:33 
Dominik Kubalik          0  0  0  -2  0   1  0  1  0  0  0/1    18:35   0:00   0:00 
Dylan Strome             0  1  1   1  0   3  1  0  0  0  4/16   15:12   0:00   1:19 
Frank Vatrano            0  0  0   0  0   1  0  0  0  0  2/3    16:02   0:00   0:00 
Henri Jokiharju          0  0  0   0  2   1  1  1  0  0  0/0    15:05   0:00   0:32 
Jake McCabe              0  0  0  -2  2   1  3  0  0  0  0/0    21:03   0:00   0:47 
Jordan Weal              0  0  0   1  0   2  0  0  0  0  0/1    14:01   0:00   0:06 
Miles Wood               0  0  0  -1  0   2  2  0  0  0  1/5    16:54   0:00   0:00 
Noah Juulsen             0  0  0   1  0   0  0  0  0  0  0/0     4:11   0:00   0:06 
Robby Fabbri             0  0  0  -2  0   1  0  0  0  0  0/1    18:26   0:00   0:00 
Ryan Dzingel             1  0  1   0  0   3  1  0  0  0  0/0    14:43   0:00   0:00 
Ryan Strome              0  1  1   1  2   1  2  1  0  0  8/18   24:43   0:00   2:39 
Shayne Gostisbehere      0  0  0   1  0   1  1  1  0  0  0/0    23:39   0:00   2:33 
Tobias Rieder            1  0  1   1  0   2  0  0  0  0  0/2     5:28   0:00   0:00 
Will Butcher             0  0  0   0  0   1  0  1  0  0  0/0    14:39   0:00   0:00 

Players Stats for Blues

Player Name              G  A  P  +/- PIM S  H  SB GA TA FO     MP     PP MP  PK MP  
------------------------------------------------------------------------------------
Andrew Copp              0  0  0   0  0   3  0  0  0  0  0/0    12:30   0:00   0:00 
Anthony Mantha           0  1  1   0  0   4  4  1  0  0  1/3    19:31   2:18   0:00 
Calvin de Haan           0  0  0   0  0   1  2  2  0  0  0/0    15:24   0:00   0:00 
Colin Miller             0  0  0   0  0   2  0  1  0  0  0/0    15:16   0:00   0:00 
Dougie Hamilton          0  1  1   1  0   0  0  2  0  0  0/0    24:14   2:13   0:00 
Dustin Brown             0  0  0   0  2   1  3  0  0  0  0/1    17:58   1:40   0:00 
Evan Rodrigues           0  0  0   0  0   0  0  0  0  0  0/0     8:01   0:00   0:00 
Jack Eichel              0  2  2   1  0   8  0  0  0  0  14/22  19:45   1:40   0:00 
Johnny Gaudreau          1  0  1   0  0   4  0  0  0  0  0/2    17:59   1:40   0:00 
Jordan Staal             0  0  0   0  0   0  4  0  0  0  11/19  13:37   0:00   0:00 
Martin Necas             0  0  0   0  0   0  0  0  0  0  0/0    14:40   2:18   0:00 
Michael Chaput           0  0  0   0  0   0  1  0  0  0  3/5     8:01   0:00   0:00 
Mikko Rantanen           1  0  1   0  0   3  2  0  0  0  0/1    20:41   2:13   0:00 
P.K. Subban              0  1  1   0  0   1  1  0  0  0  0/0    18:37   0:00   0:00 
Ryan Suter               0  0  0   2  0   1  2  1  0  0  0/0    22:59   1:45   0:00 
Sean Couturier           1  1  2   1  0   6  0  0  0  0  15/24  19:29   2:18   0:00 
Seth Jones               0  0  0  -1  0   2  0  2  0  0  0/0    21:17   1:45   0:00 
Zack Smith               0  0  0   0  0   0  2  0  0  0  1/1     8:01   0:00   0:00 

3 Stars

1 - Sean Couturier (STL)
2 - Mikko Rantanen (STL)
3 - Jack Eichel (STL)

Power Play

Avalanche - 0 on 0 Attempt(s) - 0,00%
Blues - 0 on 2 Attempt(s) - 0,00%

Penalty Kill

Avalanche - 2 on 2 Attempt(s) - 100,00% - Score 0 goal in Penalty Kill
Blues - 0 on 0 Attempt(s) - 0,00% - Score 0 goal in Penalty Kill

Team Stat

Avalanche - Hits : 21 - Faceoff Wins : 33 - Blocked Shots : 7 - Penalty Minutes : 6
Blues - Hits : 21 - Faceoff Wins : 45 - Blocked Shots : 9 - Penalty Minutes : 2

Official

Referees : Furman South and Stephen Hiff
Linesman : Matt Brady and Jaime Alary

Game Notes

No Game Note

% Time on Ice - Avalanche

Lines # - Real PCT - Wanted PCT - Time Play
Normal Forward
1 - 30% - 40% - 16:02
2 - 35% - 30% - 18:26
3 - 25% - 20% - 13:18
4 - 10% - 10% - 5:28
Normal Defense
1 - 30% - 40% - 16:13
2 - 36% - 30% - 19:11
3 - 26% - 20% - 13:45
4 - 8% - 10% - 4:05
PP Forward
1 - 0% - 56%
2 - 0% - 44%
PP Defense
1 - 0% - 52%
2 - 0% - 48%
PK Forward
1 - 67% - 60% - 2:39
2 - 33% - 40% - 1:19
PK Defense
1 - 64% - 60% - 2:33
2 - 36% - 40% - 1:25
PK3 Forward
1 - 0% - 60%
2 - 0% - 40%
PK3 Defense
1 - 0% - 60%
2 - 0% - 40%
44 Forward
1 - 75% - 60% - 1:29
2 - 25% - 40% - 0:30
44 Defense
1 - 45% - 60% - 0:53
2 - 55% - 40% - 1:06
Last Minute Offensive  - 0:49
Last Minute Defensive  - 0:00
Total
Forward - 60:00
Defense - 60:00

% Time on Ice - Blues

Lines # - Real PCT - Wanted PCT - Time Play
Normal Forward
1 - 32% - 39% - 17:13
2 - 30% - 33% - 16:19
3 - 23% - 20% - 12:22
4 - 15% - 8% - 8:01
Normal Defense
1 - 38% - 40% - 20:38
2 - 33% - 35% - 18:01
3 - 28% - 25% - 15:16
4 - 0% - 0% - 0:00
PP Forward
1 - 42% - 50% - 1:40
2 - 58% - 50% - 2:18
PP Defense
1 - 56% - 60% - 2:13
2 - 44% - 40% - 1:45
PK Forward
1 - 0% - 50%
2 - 0% - 50%
PK Defense
1 - 0% - 60%
2 - 0% - 40%
PK3 Forward
1 - 0% - 50%
2 - 0% - 50%
PK3 Defense
1 - 0% - 50%
2 - 0% - 50%
44 Forward
1 - 44% - 60% - 0:52
2 - 56% - 40% - 1:07
44 Defense
1 - 70% - 60% - 1:23
2 - 30% - 40% - 0:36
Last Minute Offensive  - 0:00
Last Minute Defensive  - 0:08
Total
Forward - 60:00
Defense - 60:00

Play-by-Play

1st period


0:01 of 1st period - Ryan Strome wins face-off versus Jack Eichel in neutral zone.
0:01 of 1st period - Shayne Gostisbehere is hit by Mikko Rantanen and loses puck.
0:20 of 1st period - Ryan Strome is hit by Ryan Suter and loses puck.
0:29 of 1st period - Chris Tanev is hit by Anthony Mantha and loses puck.
0:59 of 1st period - Icing by P.K. Subban.
1:00 of 1st period - Sean Couturier wins face-off versus Casey Cizikas in Blues zone.
1:11 of 1st period - Shot by Dustin Brown.
1:11 of 1st period - Shot Misses the Net.
1:28 of 1st period - Shot by P.K. Subban.
1:28 of 1st period - Stopped by Frederik Andersen with a rebound.
1:30 of 1st period - Shot by Seth Jones.
1:30 of 1st period - Shot Blocked by Adam Fox.
1:32 of 1st period - Shot by P.K. Subban.
1:32 of 1st period - Shot Misses the Net.
1:34 of 1st period - Shot by Seth Jones.
1:34 of 1st period - Stopped by Frederik Andersen without a rebound.
1:35 of 1st period - Jordan Staal wins face-off versus Dylan Strome in Avalanche zone.
2:44 of 1st period - Zack Smith is hit by Ryan Strome.
3:30 of 1st period - Shot by Jack Eichel.
3:30 of 1st period - Stopped by Frederik Andersen without a rebound.
3:31 of 1st period - Jack Eichel wins face-off versus Dylan Strome in Avalanche zone.
3:34 of 1st period - Shot by Mikko Rantanen.
3:34 of 1st period - Stopped by Frederik Andersen without a rebound.
3:35 of 1st period - Casey Cizikas wins face-off versus Sean Couturier in Avalanche zone.
3:49 of 1st period - Icing by Adam Fox.
3:50 of 1st period - Jack Eichel wins face-off versus Casey Cizikas in Avalanche zone.
4:05 of 1st period - Shot by Anthony Mantha.
4:05 of 1st period - Stopped by Frederik Andersen with a rebound.
4:13 of 1st period - Shot by Dominik Kubalik.
4:13 of 1st period - Shot Misses the Net.
4:15 of 1st period - Shot by Adam Fox.
4:15 of 1st period - Shot Misses the Net.
4:17 of 1st period - Shot by Jake McCabe.
4:17 of 1st period - Shot Blocked by Calvin de Haan.
4:19 of 1st period - Shot by Jake McCabe.
4:19 of 1st period - Stopped by Carter Hart with a rebound.
4:21 of 1st period - Shot by Dominik Kubalik.
4:21 of 1st period - Shot Blocked by Colin Miller.
4:32 of 1st period - Mikko Rantanen is hit by Henri Jokiharju and loses puck.
4:55 of 1st period - Shot by Frank Vatrano.
4:55 of 1st period - Shot Misses the Net.
5:05 of 1st period - Shot by Sean Couturier.
5:05 of 1st period - Stopped by Frederik Andersen with a rebound.
5:10 of 1st period - Icing by Will Butcher.
5:11 of 1st period - Jordan Staal wins face-off versus Ryan Strome in Avalanche zone.
5:16 of 1st period - Shot by Andrew Copp.
5:16 of 1st period - Stopped by Frederik Andersen without a rebound.
5:17 of 1st period - Jordan Staal wins face-off versus Dylan Strome in Avalanche zone.
5:40 of 1st period - Shot by Ryan Suter.
5:40 of 1st period - Shot Misses the Net.
6:13 of 1st period - Shot by Jack Eichel.
6:13 of 1st period - Stopped by Frederik Andersen with a rebound.
6:19 of 1st period - Shot by Jack Eichel.
6:19 of 1st period - Stopped by Frederik Andersen without a rebound.
6:20 of 1st period - Casey Cizikas wins face-off versus Sean Couturier in Avalanche zone.
6:20 of 1st period - Casey Cizikas is hit by Dustin Brown.
6:28 of 1st period - Shot by Sean Couturier.
6:28 of 1st period - Stopped by Frederik Andersen without a rebound.
6:29 of 1st period - Ryan Strome wins face-off versus Jack Eichel in Avalanche zone.
6:43 of 1st period - Adam Fox is hit by Anthony Mantha and loses puck.
6:50 of 1st period - Shot by Miles Wood.
6:50 of 1st period - Stopped by Carter Hart without a rebound.
6:51 of 1st period - Casey Cizikas wins face-off versus Sean Couturier in Blues zone.
6:52 of 1st period - Shot by Dominik Kubalik.
6:52 of 1st period - Stopped by Carter Hart without a rebound.
6:53 of 1st period - Casey Cizikas wins face-off versus Sean Couturier in Blues zone.
7:03 of 1st period - Robby Fabbri is hit by Dustin Brown and loses puck.
7:12 of 1st period - Shot by Sean Couturier.
7:12 of 1st period - Deflect By Johnny Gaudreau.
7:12 of 1st period - Goal by Johnny Gaudreau - Avalanche : 0 - Blues : 1.
7:13 of 1st period - Ryan Strome wins face-off versus Jack Eichel in neutral zone.
7:17 of 1st period - Ryan Strome is hit by P.K. Subban and loses puck.
7:32 of 1st period - Shot by Frank Vatrano.
7:32 of 1st period - Stopped by Carter Hart without a rebound.
7:33 of 1st period - Casey Cizikas wins face-off versus Sean Couturier in Blues zone.
7:43 of 1st period - Off-side.
7:44 of 1st period - Ryan Strome wins face-off versus Anthony Mantha in neutral zone.
7:50 of 1st period - Ryan Strome is hit by Calvin de Haan and loses puck.
8:06 of 1st period - Anthony Mantha is hit by Chris Tanev and loses puck.
8:15 of 1st period - Shot by Mikko Rantanen.
8:15 of 1st period - Shot Blocked by Shayne Gostisbehere.
9:01 of 1st period - Dougie Hamilton is hit by Casey Cizikas and loses puck.
9:50 of 1st period - Jordan Staal is hit by Adam Fox.
9:58 of 1st period - Seth Jones is hit by Casey Cizikas and loses puck.
10:15 of 1st period - Seth Jones is hit by Casey Cizikas and loses puck.
10:53 of 1st period - Shot by Ryan Dzingel.
10:53 of 1st period - Deflect By Jordan Weal.
10:53 of 1st period - Shot Misses the Net.
11:41 of 1st period - Shot by Ryan Strome.
11:41 of 1st period - Shot Misses the Net.
12:01 of 1st period - Shot by Ryan Strome.
12:01 of 1st period - Deflect By Brad Richardson.
12:01 of 1st period - Stopped by Carter Hart with a rebound.
12:03 of 1st period - Shot by Brad Richardson.
12:03 of 1st period - Shot Misses the Net.
12:14 of 1st period - Off-side.
12:15 of 1st period - Frank Vatrano wins face-off versus Sean Couturier in neutral zone.
12:24 of 1st period - Shot by Ryan Strome.
12:24 of 1st period - Shot Misses the Net.
13:22 of 1st period - Shot by Dylan Strome.
13:22 of 1st period - Stopped by Carter Hart without a rebound.
13:23 of 1st period - Brad Richardson wins face-off versus Jordan Staal in Blues zone.
13:28 of 1st period - Shot by Dominik Kubalik.
13:28 of 1st period - Deflect By Tobias Rieder.
13:28 of 1st period - Shot Misses the Net.
13:31 of 1st period - Icing by Jordan Staal.
13:32 of 1st period - Casey Cizikas wins face-off versus Jordan Staal in Blues zone.
14:07 of 1st period - Casey Cizikas is hit by Jordan Staal and loses puck.
14:32 of 1st period - Shot by Jack Eichel.
14:32 of 1st period - Shot Misses the Net.
14:45 of 1st period - Shot by Jack Eichel.
14:45 of 1st period - Stopped by Frederik Andersen without a rebound.
14:46 of 1st period - Ryan Strome wins face-off versus Sean Couturier in Avalanche zone.
14:46 of 1st period - Ryan Strome is hit by Dustin Brown.
14:51 of 1st period - Minor Penalty to Dustin Brown for Slashing.
14:51 of 1st period - Minor Penalty to Ryan Strome for Holding.
14:52 of 1st period - Sean Couturier wins face-off versus Miles Wood in neutral zone.
15:05 of 1st period - Shot by Sean Couturier.
15:05 of 1st period - Shot Misses the Net.
15:07 of 1st period - Shot by Jack Eichel.
15:07 of 1st period - Stopped by Frederik Andersen without a rebound.
15:08 of 1st period - Jack Eichel wins face-off versus Miles Wood in Avalanche zone.
15:43 of 1st period - Shot by Sean Couturier.
15:43 of 1st period - Goal by Sean Couturier - Avalanche : 0 - Blues : 2.
15:44 of 1st period - Jordan Staal wins face-off versus Jordan Weal in neutral zone.
16:05 of 1st period - Shot by Mikko Rantanen.
16:05 of 1st period - Shot Blocked by Casey Cizikas.
16:23 of 1st period - Icing by Jordan Staal.
16:24 of 1st period - Jordan Staal wins face-off versus Dylan Strome in Blues zone.
16:50 of 1st period - Brad Richardson is hit by Mikko Rantanen and loses puck.
17:05 of 1st period - Shot by Johnny Gaudreau.
17:05 of 1st period - Stopped by Frederik Andersen without a rebound.
17:06 of 1st period - Michael Chaput wins face-off versus Dylan Strome in Avalanche zone.
18:09 of 1st period - Shot by Ryan Strome.
18:09 of 1st period - Stopped by Carter Hart without a rebound.
18:10 of 1st period - Jack Eichel wins face-off versus Dominik Kubalik in Blues zone.
18:19 of 1st period - Shot by Mikko Rantanen.
18:19 of 1st period - Goal by Mikko Rantanen - Avalanche : 0 - Blues : 3.
18:20 of 1st period - Sean Couturier wins face-off versus Brad Richardson in neutral zone.
18:22 of 1st period - Dougie Hamilton is hit by Jake McCabe and loses puck.
18:30 of 1st period - Icing by Jake McCabe.
18:31 of 1st period - Jack Eichel wins face-off versus Tobias Rieder in Avalanche zone.
18:33 of 1st period - Minor Penalty to Jake McCabe for Elbowing.
18:34 of 1st period - Jack Eichel wins face-off versus Ryan Strome in Avalanche zone.
18:47 of 1st period - Shot by Jack Eichel.
18:47 of 1st period - Shot Blocked by Ryan Strome.
Goals for this period are 0 for Avalanche vs 3 for Blues.
Shots for this period are 7 for Avalanche vs 16 for Blues.

2nd period


0:01 of 2nd period - Sean Couturier wins face-off versus Ryan Strome in neutral zone.
0:01 of 2nd period - Sean Couturier is hit by Casey Cizikas.
0:09 of 2nd period - Sean Couturier is hit by Shayne Gostisbehere and loses puck.
0:52 of 2nd period - Shot by Ryan Dzingel.
0:52 of 2nd period - Shot Misses the Net.
0:58 of 2nd period - Shot by Dylan Strome.
0:58 of 2nd period - Shot Blocked by Seth Jones.
1:00 of 2nd period - Shot by Jordan Weal.
1:00 of 2nd period - Stopped by Carter Hart without a rebound.
1:01 of 2nd period - Sean Couturier wins face-off versus Ryan Strome in Blues zone.
1:01 of 2nd period - Sean Couturier is hit by Miles Wood.
1:06 of 2nd period - Minor Penalty to Henri Jokiharju for Roughing.
1:07 of 2nd period - Jack Eichel wins face-off versus Ryan Strome in Avalanche zone.
1:34 of 2nd period - Shot by Mikko Rantanen.
1:34 of 2nd period - Shot Misses the Net.
1:50 of 2nd period - Shot by Jack Eichel.
1:50 of 2nd period - Stopped by Frederik Andersen without a rebound.
1:51 of 2nd period - Sean Couturier wins face-off versus Ryan Strome in Avalanche zone.
1:56 of 2nd period - Shot by Ryan Suter.
1:56 of 2nd period - Shot Misses the Net.
1:58 of 2nd period - Shot by Seth Jones.
1:58 of 2nd period - Stopped by Frederik Andersen without a rebound.
1:59 of 2nd period - Sean Couturier wins face-off versus Ryan Strome in Avalanche zone.
2:36 of 2nd period - Shot by Seth Jones.
2:36 of 2nd period - Shot Misses the Net.
2:47 of 2nd period - Icing by Sean Couturier.
2:48 of 2nd period - Sean Couturier wins face-off versus Dylan Strome in Blues zone.
3:28 of 2nd period - Icing by Zack Smith.
3:29 of 2nd period - Zack Smith wins face-off versus Dylan Strome in Blues zone.
4:19 of 2nd period - Icing by Shayne Gostisbehere.
4:20 of 2nd period - Jack Eichel wins face-off versus Casey Cizikas in Avalanche zone.
4:37 of 2nd period - Shot by Mikko Rantanen.
4:37 of 2nd period - Stopped by Frederik Andersen with a rebound.
5:03 of 2nd period - Shot by Mikko Rantanen.
5:03 of 2nd period - Shot Misses the Net.
6:12 of 2nd period - Shot by Ryan Dzingel.
6:12 of 2nd period - Goal by Ryan Dzingel - Avalanche : 1 - Blues : 3.
6:13 of 2nd period - Dylan Strome wins face-off versus Jordan Staal in neutral zone.
6:46 of 2nd period - Shot by Andrew Copp.
6:46 of 2nd period - Stopped by Frederik Andersen without a rebound.
6:47 of 2nd period - Brad Richardson wins face-off versus Michael Chaput in Avalanche zone.
7:42 of 2nd period - Casey Cizikas is hit by Zack Smith and loses puck.
7:57 of 2nd period - Shot by Robby Fabbri.
7:57 of 2nd period - Deflect By Dominik Kubalik.
7:57 of 2nd period - Shot Misses the Net.
8:13 of 2nd period - Shot by Anthony Mantha.
8:13 of 2nd period - Stopped by Frederik Andersen without a rebound.
8:14 of 2nd period - Sean Couturier wins face-off versus Dylan Strome in Avalanche zone.
9:13 of 2nd period - Shot by Miles Wood.
9:13 of 2nd period - Stopped by Carter Hart with a rebound.
9:19 of 2nd period - Shot by Ryan Strome.
9:19 of 2nd period - Shot Misses the Net.
9:21 of 2nd period - Shot by Frank Vatrano.
9:21 of 2nd period - Shot Misses the Net.
9:23 of 2nd period - Shot by Shayne Gostisbehere.
9:23 of 2nd period - Stopped by Carter Hart without a rebound.
9:24 of 2nd period - Casey Cizikas wins face-off versus Anthony Mantha in Blues zone.
9:36 of 2nd period - Seth Jones is hit by Jake McCabe and loses puck.
9:42 of 2nd period - Icing by Adam Fox.
9:43 of 2nd period - Casey Cizikas wins face-off versus Jordan Staal in Avalanche zone.
9:54 of 2nd period - Shot by Casey Cizikas.
9:54 of 2nd period - Shot Blocked by Dougie Hamilton.
10:32 of 2nd period - Icing by Ryan Suter.
10:33 of 2nd period - Jordan Staal wins face-off versus Frank Vatrano in Blues zone.
10:33 of 2nd period - Jordan Staal is hit by Ryan Strome.
11:04 of 2nd period - Icing by Chris Tanev.
11:05 of 2nd period - Ryan Strome wins face-off versus Sean Couturier in Avalanche zone.
11:27 of 2nd period - Johnny Gaudreau is hit by Chris Tanev.
11:57 of 2nd period - Shot by Ryan Dzingel.
11:57 of 2nd period - Stopped by Carter Hart with a rebound.
11:59 of 2nd period - Shot by Henri Jokiharju.
11:59 of 2nd period - Stopped by Carter Hart without a rebound.
12:00 of 2nd period - Jack Eichel wins face-off versus Casey Cizikas in Blues zone.
12:33 of 2nd period - Adam Fox is hit by Anthony Mantha and loses puck.
12:49 of 2nd period - Icing by Jake McCabe.
12:50 of 2nd period - Casey Cizikas wins face-off versus Jordan Staal in Avalanche zone.
13:11 of 2nd period - Icing by Adam Fox.
13:12 of 2nd period - Casey Cizikas wins face-off versus Dustin Brown in Avalanche zone.
13:29 of 2nd period - Shot by Sean Couturier.
13:29 of 2nd period - Stopped by Frederik Andersen with a rebound.
13:37 of 2nd period - Shot by Sean Couturier.
13:37 of 2nd period - Stopped by Frederik Andersen with a rebound.
13:39 of 2nd period - Shot by Seth Jones.
13:39 of 2nd period - Deflect By Johnny Gaudreau.
13:39 of 2nd period - Shot Misses the Net.
14:19 of 2nd period - Shot by Jack Eichel.
14:19 of 2nd period - Stopped by Frederik Andersen without a rebound.
14:20 of 2nd period - Dylan Strome wins face-off versus Jordan Staal in Avalanche zone.
14:29 of 2nd period - Shot by Ryan Dzingel.
14:29 of 2nd period - Stopped by Carter Hart with a rebound.
14:49 of 2nd period - Shot by Will Butcher.
14:49 of 2nd period - Stopped by Carter Hart without a rebound.
14:50 of 2nd period - Brad Richardson wins face-off versus Jack Eichel in Blues zone.
14:55 of 2nd period - Shot by Ryan Strome.
14:55 of 2nd period - Shot Blocked by Anthony Mantha.
14:57 of 2nd period - Shot by Tobias Rieder.
14:57 of 2nd period - Goal by Tobias Rieder - Avalanche : 2 - Blues : 3.
14:58 of 2nd period - Casey Cizikas wins face-off versus Jack Eichel in neutral zone.
15:07 of 2nd period - Shot by Robby Fabbri.
15:07 of 2nd period - Shot Misses the Net.
15:17 of 2nd period - Shot by Dominik Kubalik.
15:17 of 2nd period - Shot Misses the Net.
15:19 of 2nd period - Shot by Casey Cizikas.
15:19 of 2nd period - Shot Blocked by Dougie Hamilton.
15:21 of 2nd period - Shot by Dominik Kubalik.
15:21 of 2nd period - Deflect By Robby Fabbri.
15:21 of 2nd period - Shot Hit the Post.
15:42 of 2nd period - Icing by Jake McCabe.
15:43 of 2nd period - Sean Couturier wins face-off versus Casey Cizikas in Avalanche zone.
15:49 of 2nd period - Icing by Adam Fox.
15:50 of 2nd period - Casey Cizikas wins face-off versus Johnny Gaudreau in Avalanche zone.
16:06 of 2nd period - Off-side.
16:07 of 2nd period - Frank Vatrano wins face-off versus Jordan Staal in neutral zone.
16:09 of 2nd period - Off-side.
16:10 of 2nd period - Ryan Strome wins face-off versus Jack Eichel in neutral zone.
16:22 of 2nd period - Miles Wood is hit by Ryan Suter and loses puck.
16:27 of 2nd period - Shot by Chris Tanev.
16:27 of 2nd period - Shot Misses the Net.
16:29 of 2nd period - Shot by Frank Vatrano.
16:29 of 2nd period - Deflect By Ryan Strome.
16:29 of 2nd period - Shot Misses the Net.
16:31 of 2nd period - Shot by Miles Wood.
16:31 of 2nd period - Deflect By Ryan Strome.
16:31 of 2nd period - Shot Misses the Net.
17:13 of 2nd period - Shot by Dylan Strome.
17:13 of 2nd period - Shot Hit the Post.
17:15 of 2nd period - Shot by Jordan Weal.
17:15 of 2nd period - Stopped by Carter Hart with a rebound.
17:25 of 2nd period - Shot by Jordan Weal.
17:25 of 2nd period - Shot Misses the Net.
17:27 of 2nd period - Shot by Henri Jokiharju.
17:27 of 2nd period - Deflect By Dylan Strome.
17:27 of 2nd period - Stopped by Carter Hart without a rebound.
17:28 of 2nd period - Jordan Staal wins face-off versus Casey Cizikas in Blues zone.
17:39 of 2nd period - Shot by Casey Cizikas.
17:39 of 2nd period - Shot Misses the Net.
18:00 of 2nd period - Shot by Martin Necas.
18:00 of 2nd period - Shot Misses the Net.
18:48 of 2nd period - Shot by Tobias Rieder.
18:48 of 2nd period - Shot Blocked by Seth Jones.
19:02 of 2nd period - Icing by Jordan Weal.
19:03 of 2nd period - Dylan Strome wins face-off versus Jack Eichel in Avalanche zone.
19:22 of 2nd period - Shot by Dougie Hamilton.
19:22 of 2nd period - Shot Misses the Net.
19:38 of 2nd period - Shot by Jack Eichel.
19:38 of 2nd period - Stopped by Frederik Andersen without a rebound.
19:39 of 2nd period - Sean Couturier wins face-off versus Casey Cizikas in Avalanche zone.
19:43 of 2nd period - Johnny Gaudreau is hit by Jake McCabe and loses puck.
Goals for this period are 2 for Avalanche vs 0 for Blues.
Shots for this period are 11 for Avalanche vs 9 for Blues.

3rd period


0:01 of 3rd period - Jack Eichel wins face-off versus Miles Wood in neutral zone.
0:40 of 3rd period - Chris Tanev is hit by Anthony Mantha and loses puck.
0:50 of 3rd period - Icing by Frank Vatrano.
0:51 of 3rd period - Miles Wood wins face-off versus Johnny Gaudreau in Avalanche zone.
2:01 of 3rd period - Henri Jokiharju is hit by Jordan Staal and loses puck.
2:50 of 3rd period - Shot by Ryan Strome.
2:50 of 3rd period - Shot Blocked by Calvin de Haan.
2:52 of 3rd period - Shot by Brad Richardson.
2:52 of 3rd period - Shot Misses the Net.
2:54 of 3rd period - Shot by Brad Richardson.
2:54 of 3rd period - Shot Misses the Net.
2:56 of 3rd period - Shot by Tobias Rieder.
2:56 of 3rd period - Stopped by Carter Hart without a rebound.
2:57 of 3rd period - Casey Cizikas wins face-off versus Jack Eichel in Blues zone.
3:00 of 3rd period - Shot by Robby Fabbri.
3:00 of 3rd period - Shot Blocked by Ryan Suter.
3:34 of 3rd period - Shot by Mikko Rantanen.
3:34 of 3rd period - Deflect By Anthony Mantha.
3:34 of 3rd period - Stopped by Frederik Andersen with a rebound.
3:36 of 3rd period - Shot by Jack Eichel.
3:36 of 3rd period - Shot Misses the Net.
3:38 of 3rd period - Shot by Ryan Suter.
3:38 of 3rd period - Stopped by Frederik Andersen without a rebound.
3:39 of 3rd period - Sean Couturier wins face-off versus Ryan Strome in Avalanche zone.
4:13 of 3rd period - Shot by Johnny Gaudreau.
4:13 of 3rd period - Stopped by Frederik Andersen with a rebound.
5:08 of 3rd period - Icing by Ryan Suter.
5:09 of 3rd period - Michael Chaput wins face-off versus Casey Cizikas in Blues zone.
5:21 of 3rd period - Shot by Casey Cizikas.
5:21 of 3rd period - Stopped by Carter Hart without a rebound.
5:22 of 3rd period - Jack Eichel wins face-off versus Tobias Rieder in Blues zone.
5:33 of 3rd period - Shot by Anthony Mantha.
5:33 of 3rd period - Shot Misses the Net.
5:36 of 3rd period - Icing by Adam Fox.
5:37 of 3rd period - Jordan Staal wins face-off versus Brad Richardson in Avalanche zone.
5:48 of 3rd period - Shot by Martin Necas.
5:48 of 3rd period - Deflect By Andrew Copp.
5:48 of 3rd period - Shot Misses the Net.
6:05 of 3rd period - Shot by Andrew Copp.
6:05 of 3rd period - Stopped by Frederik Andersen without a rebound.
6:06 of 3rd period - Jack Eichel wins face-off versus Casey Cizikas in Avalanche zone.
6:11 of 3rd period - Shot by Mikko Rantanen.
6:11 of 3rd period - Shot Blocked by Dominik Kubalik.
6:44 of 3rd period - Icing by Ryan Suter.
6:45 of 3rd period - Jack Eichel wins face-off versus Dylan Strome in Blues zone.
7:02 of 3rd period - Mikko Rantanen is hit by Dylan Strome and loses puck.
7:08 of 3rd period - Icing by Dougie Hamilton.
7:09 of 3rd period - Ryan Strome wins face-off versus Mikko Rantanen in Blues zone.
7:41 of 3rd period - Shot by Johnny Gaudreau.
7:41 of 3rd period - Shot Misses the Net.
7:53 of 3rd period - Shot by Dustin Brown.
7:53 of 3rd period - Stopped by Frederik Andersen without a rebound.
7:54 of 3rd period - Casey Cizikas wins face-off versus Jordan Staal in Avalanche zone.
8:09 of 3rd period - Shot by Robby Fabbri.
8:09 of 3rd period - Stopped by Carter Hart without a rebound.
8:10 of 3rd period - Michael Chaput wins face-off versus Dylan Strome in Blues zone.
9:02 of 3rd period - Icing by Chris Tanev.
9:03 of 3rd period - Jack Eichel wins face-off versus Casey Cizikas in Avalanche zone.
9:03 of 3rd period - Ryan Suter is hit by Chris Tanev and loses puck.
9:14 of 3rd period - Shot by Anthony Mantha.
9:14 of 3rd period - Stopped by Frederik Andersen with a rebound.
9:39 of 3rd period - Anthony Mantha is hit by Casey Cizikas.
10:13 of 3rd period - Icing by Sean Couturier.
10:14 of 3rd period - Dylan Strome wins face-off versus Sean Couturier in Blues zone.
10:14 of 3rd period - Ryan Dzingel is hit by Calvin de Haan and loses puck.
10:41 of 3rd period - Shot by Johnny Gaudreau.
10:41 of 3rd period - Deflect By Sean Couturier.
10:41 of 3rd period - Stopped by Frederik Andersen without a rebound.
10:42 of 3rd period - Jordan Staal wins face-off versus Ryan Strome in Avalanche zone.
10:48 of 3rd period - Icing by Jake McCabe.
10:49 of 3rd period - Jordan Staal wins face-off versus Ryan Strome in Avalanche zone.
11:04 of 3rd period - Frank Vatrano is hit by Jordan Staal.
12:35 of 3rd period - Dustin Brown is hit by Chris Tanev and loses puck.
13:24 of 3rd period - Shot by Dylan Strome.
13:24 of 3rd period - Stopped by Carter Hart without a rebound.
13:25 of 3rd period - Jordan Staal wins face-off versus Brad Richardson in Blues zone.
14:07 of 3rd period - Jake McCabe is hit by Jordan Staal and loses puck.
14:42 of 3rd period - Icing by Ryan Suter.
14:43 of 3rd period - Anthony Mantha wins face-off versus Dylan Strome in Blues zone.
14:56 of 3rd period - Anthony Mantha is hit by Ryan Dzingel and loses puck.
15:21 of 3rd period - Icing by Henri Jokiharju.
15:22 of 3rd period - Sean Couturier wins face-off versus Dylan Strome in Avalanche zone.
15:23 of 3rd period - Shot by Johnny Gaudreau.
15:23 of 3rd period - Stopped by Frederik Andersen with a rebound.
15:25 of 3rd period - Shot by Calvin de Haan.
15:25 of 3rd period - Shot Blocked by Will Butcher.
15:27 of 3rd period - Shot by Dustin Brown.
15:27 of 3rd period - Shot Misses the Net.
15:29 of 3rd period - Shot by Colin Miller.
15:29 of 3rd period - Stopped by Frederik Andersen without a rebound.
15:30 of 3rd period - Sean Couturier wins face-off versus Miles Wood in Avalanche zone.
16:22 of 3rd period - Ryan Suter is hit by Miles Wood and loses puck.
17:13 of 3rd period - Shot by Jack Eichel.
17:13 of 3rd period - Deflect By Anthony Mantha.
17:13 of 3rd period - Shot Misses the Net.
17:15 of 3rd period - Shot by Calvin de Haan.
17:15 of 3rd period - Stopped by Frederik Andersen with a rebound.
17:17 of 3rd period - Shot by Colin Miller.
17:17 of 3rd period - Stopped by Frederik Andersen without a rebound.
17:18 of 3rd period - Casey Cizikas wins face-off versus Michael Chaput in Avalanche zone.
17:18 of 3rd period - Casey Cizikas is hit by Zack Smith.
17:23 of 3rd period - Robby Fabbri is hit by Michael Chaput.
18:24 of 3rd period - Icing by Casey Cizikas.
18:25 of 3rd period - Sean Couturier wins face-off versus Robby Fabbri in Avalanche zone.
19:25 of 3rd period - Avalanche, Frederik Andersen is pulled from the net.
19:57 of 3rd period - Shot by Mikko Rantanen.
19:57 of 3rd period - Shot Blocked by Henri Jokiharju.
Goals for this period are 0 for Avalanche vs 0 for Blues.
Shots for this period are 4 for Avalanche vs 11 for Blues.